Map: Cyber Forest LE

Players

Mez - Winner!

  • Race: Terran Terran
  • League: Master
  • Spawn Location: 5:00

ramzan

  • Race: Protoss Protoss
  • Spawn Location: 11:00

VOD

Have the link to the VOD?

Description

Time

  • Played on: Aug. 5, 2019, 6:21 a.m.
  • Length: 14:43
Show
View Real Time Build Order
Export as new Build Order

Mez Terran - Winner!

Build Orders: Reaper Expand 

Get SALT Encoding   

  12  0:00  SCV  
  13  0:13  SCV  
  14  0:17  Supply Depot  
  14  0:25  SCV  
  15  0:39  SCV  
  15  0:41  Barracks  
  16  0:45  Refinery  
  16  0:51  SCV  
  17  1:03  SCV  
  18  1:15  SCV  
  19  1:29  Reaper  
  19  1:30  Orbital Command  
  20  1:43  Command Center  
  20  1:54  Supply Depot  
  20  1:56  SCV  
  21  2:02  Barracks Reactor  
  22  2:08  SCV  
  22  2:24  SCV  
  22  2:28  Bunker  
  22  2:29  Command Center  
  23  2:36  SCV  
  24  2:38  Marine x2  
  26  2:49  SCV  
  27  2:55  Orbital Command  
  27  2:56  Marine  
  27  2:57  Marine  
  29  3:05  Barracks  
  29  3:07  SCV  
  30  3:17  Barracks  
  30  3:19  SCV  
  31  3:26  SCV  
  31  3:28  Marine x2  
  31  3:31  SCV  
  34  3:38  Engineering Bay  
  32  3:51  SCV x2  
  32  3:52  Marine x2  
  32  3:54  Barracks Tech Lab  
  35  3:59  Bunker  
  35  4:06  Factory, Refinery, SCV  
  35  4:07  Refinery, SCV  
  35  4:08  Orbital Command  
  37  4:13  Concussive Shells, Marauder  
  37  4:14  Marine x2  
  41  4:17  Marine  
  41  4:19  SCV  
  41  4:20  SCV  
  41  4:24  Terran Infantry Weapons Level 1  
  44  4:33  Marine x2  
  44  4:34  Marauder  
  44  4:35  Marine  
  44  4:36  SCV  
  44  4:38  SCV x2  
  52  4:51  SCV, Marine  
  54  4:53  Starport  
  54  4:57  SCV, Armory  
  54  4:58  SCV  
  54  4:59  Engineering Bay, Factory Reactor  
  56  5:02  Marine x2  
  56  5:03  SCV  
  59  5:12  Stimpack  
  59  5:13  SCV x2  
  61  5:22  Supply Depot x2  
  61  5:24  SCV  
  61  5:25  SCV x2  
  64  5:30  Orbital Command  
  64  5:33  Missile Turret  
  64  5:39  SCV x2  
  66  5:42  Supply Depot  
  66  5:44  Supply Depot  
  66  5:46  Marauder  
  66  5:47  Marine, Barracks Tech Lab  
  66  5:48  Marine  
  66  5:49  Medivac x2  
  74  5:54  SCV x2  
  74  5:55  SCV  
  74  5:57  Refinery  
  77  6:06  SCV x2  
  77  6:07  SCV  
  77  6:08  Terran Infantry Armor Level 1  
  77  6:09  Bunker  
  80  6:12  Supply Depot  
  80  6:18  SCV x2  
  82  6:24  Marine x2, Marauder x2, Supply Depot x2  
  89  6:25  SCV  
  89  6:30  SCV x2  
  90  6:33  Combat Shield  
  90  6:34  Terran Infantry Weapons Level 2  
  90  6:37  SCV  
  91  6:42  SCV x2, Marine  
  94  6:47  Bunker  
  94  6:50  SCV  
  94  6:53  Supply Depot  
  99  6:54  SCV x2, Marine, Marauder x2  
  99  7:00  Barracks  
  100  7:02  SCV, Barracks  
  100  7:06  Missile Turret, SCV  
  102  7:09  SCV  
  102  7:14  SCV  
  104  7:16  Marine x2, Marauder  
  108  7:23  SCV  
  108  7:24  SCV, Barracks  
  108  7:25  Barracks, Medivac x2  
  108  7:26  SCV, Barracks  
  115  7:35  Barracks x2  
  115  7:37  Marine x2, Marauder x2  
  115  7:41  Refinery  
  115  7:42  Refinery  
  121  7:52  Barracks Reactor  
  121  7:53  Barracks Tech Lab  
  121  7:55  Marine, Medivac x2  
  121  7:57  Supply Depot x2  
  126  7:58  Supply Depot  
  126  8:06  Marine, Marauder x2  
  131  8:12  Marine  
  131  8:15  Barracks Reactor  
  131  8:16  Barracks Reactor, Barracks Tech Lab, Supply Depot  
  131  8:17  Barracks Tech Lab  
  131  8:18  Supply Depot  
  132  8:24  Marine  
  132  8:25  Medivac x2  
  137  8:27  Marauder  
  137  8:30  Marine x2, Marauder x2  
  137  8:31  Barracks Tech Lab x2  
  145  8:42  Terran Infantry Armor Level 2, Supply Depot  
  145  8:43  Supply Depot  
  145  8:44  Supply Depot  
  145  8:49  Marauder, Supply Depot  
  145  8:51  Marauder  
  145  8:55  Medivac x2  
  151  8:56  Marine, Marauder  
  151  8:57  Marine x2, Marauder x2  
  151  8:58  Marine  
  151  9:00  Marine  
  151  9:01  Marine x2, Marauder  
  168  9:10  Marauder  
  168  9:12  Marine  
  168  9:16  Terran Infantry Weapons Level 3  
  171  9:17  Marine x2  
  171  9:18  Marine x2, Marauder x3  
  171  9:19  Marauder  
  183  9:25  Medivac x2  
  183  9:30  Ghost Academy  
  187  9:39  Command Center  
  187  9:41  Marine, Marauder x4  
  171  10:16  Marine  
  171  10:17  Marine x7, Marauder  
  171  10:18  Marauder x4  
  167  10:25  Medivac x2  
  161  10:34  Marine x3  
  161  10:35  Marauder x2  
  154  10:51  Marine x5, Marauder x3  
  154  10:52  Marine x2  
  154  10:54  Planetary Fortress  
  154  10:55  SCV x3, Medivac x2  
  164  11:02  Marine  
  164  11:03  Marine, Marauder  
  161  11:09  Marine x2  
  160  11:17  Marine x5, Marauder  
  163  11:20  Terran Infantry Armor Level 3  
  163  11:25  Medivac x2  
  164  11:27  Marine, Marauder x3  
  171  11:34  Barracks  
  171  11:38  Barracks  
  171  11:43  Marine x2, Marauder x4  
  178  11:48  Marauder  
  178  11:49  Marauder  
  164  11:55  Medivac  
  158  12:01  Marine  
  158  12:02  Marine x3  
  158  12:04  Marauder  
  170  12:13  Marine, Marauder x2  
  170  12:14  Marine  
  178  12:16  SCV x3  
  178  12:19  Marine  
  178  12:20  Ghost  
  178  12:21  Ghost x3  
  182  12:25  Ghost  
  182  12:27  Missile Turret  
  164  12:37  Marine  
  164  12:38  Marauder  
  166  12:52  Marine  
  166  12:53  Marauder  
  172  13:04  Marine, Marauder x2  
  172  13:05  Marine x3, Marauder x2  
  178  13:07  Viking x2  
  177  13:19  Marine x3  
  177  13:20  Marauder  
  156  13:27  Marine x2, Marauder x4  
  156  13:28  Marauder  
  168  13:37  Viking  
  168  13:38  Marauder  
  168  13:40  Viking  
  174  13:48  Marine x8, Marauder  
  177  13:52  Barracks Tech Lab x2  
  184  13:59  Marine  
  184  14:00  Marauder x2  
  189  14:03  Marauder  
  189  14:06  Marine x2  
  189  14:07  Viking, Marauder x2  
  196  14:18  Marauder  
  196  14:22  Marine  
Show
View Real Time Build Order
Export as new Build Order

ramzan Protoss 

Build Orders: 1 Gate Expand, Blink Stalkers 

Get SALT Encoding   

  12  0:00  Probe  
  13  0:12  Probe  
  14  0:20  Pylon  
  14  0:24  Probe  
  15  0:34  Probe  
  15  0:39  Gateway  
  15  0:42  Probe  
  16  0:48  Assimilator  
  17  0:52  Probe  
  18  1:00  Probe  
  18  1:09  Probe  
  20  1:19  Probe  
  21  1:26  Cybernetics Core  
  21  1:42  Nexus  
  21  1:54  Stalker  
  21  1:56  Pylon  
  21  1:59  Assimilator  
  21  2:03  Warp Gate  
  23  2:14  Probe  
  23  2:15  Gateway  
  23  2:26  Probe  
  23  2:27  Stalker  
  26  2:38  Probe  
  27  2:50  Probe  
  28  2:54  Stalker  
  28  2:56  Pylon  
  28  3:02  Probe x2  
  32  3:14  Probe x2  
  32  3:17  Twilight Council  
  34  3:24  Probe  
  34  3:26  Probe  
  36  3:31  Robotics Facility  
  36  3:32  Probe  
  36  3:38  Probe  
  36  3:40  Probe  
  38  3:45  Blink  
  37  3:52  Stalker x2  
  37  3:54  Probe  
  42  3:56  Probe  
  43  4:06  Probe, Pylon  
  43  4:09  Assimilator  
  44  4:11  Assimilator  
  44  4:14  Probe x2  
  44  4:17  Pylon  
  45  4:22  Probe  
  45  4:23  Pylon  
  46  4:26  Probe, Observer  
  46  4:30  Pylon  
  49  4:33  Probe  
  49  4:36  Sentry  
  49  4:38  Probe  
  53  4:45  Probe  
  54  4:50  Probe, Gateway  
  54  4:51  Gateway  
  55  4:56  Sentry, Pylon  
  55  4:57  Probe  
  58  5:00  Stalker  
  58  5:02  Probe  
  61  5:12  Pylon  
  61  5:21  Stalker  
  61  5:35  Stalker, Observer  
  63  5:40  Probe  
  64  5:43  Robotics Bay  
  64  5:45  Probe  
  64  5:48  Pylon  
  64  5:49  Forge, Pylon  
  65  5:50  Observer  
  65  5:51  Forge  
  65  5:52  Stalker x2  
  69  5:57  Charge  
  69  5:58  Probe  
  69  6:00  Probe  
  69  6:02  Nexus  
  71  6:05  Pylon  
  71  6:10  Probe  
  72  6:18  Probe  
  73  6:21  Stalker x2  
  73  6:22  Probe  
  78  6:30  Probe  
  79  6:34  Probe, Colossus  
  79  6:39  Extended Thermal Lance  
  80  6:42  Probe  
  80  6:45  Observer, Pylon  
  80  6:47  Probe, Assimilator  
  82  6:50  Assimilator  
  88  6:54  Probe  
  88  6:59  Probe, Protoss Ground Weapons Level 1  
  90  7:06  Probe  
  91  7:09  Protoss Ground Armor Level 1  
  91  7:11  Probe  
  91  7:15  Colossus  
  92  7:19  Probe x2  
  94  7:23  Probe  
  101  7:31  Probe, Nexus  
  102  7:38  Probe  
  102  7:39  Probe  
  102  7:42  Pylon  
  104  7:52  Gateway  
  104  7:53  Pylon, Gateway  
  104  8:00  Colossus  
  102  8:07  Zealot x2  
  102  8:08  Zealot  
  114  8:17  Pylon  
  114  8:18  Assimilator  
  114  8:22  Assimilator  
  114  8:24  Pylon  
  114  8:35  Observer  
  114  8:43  Gateway x2  
  114  8:46  Gateway  
  114  8:47  Zealot x3  
  114  8:48  Zealot x2, Colossus, Gateway  
  124  8:50  Templar Archives  
  130  9:01  Protoss Ground Weapons Level 2  
  130  9:09  Zealot x4  
  138  9:16  Protoss Ground Armor Level 2  
  138  9:23  Stalker  
  140  9:32  Stalker x2  
  140  9:33  Stalker x2  
  140  9:34  Colossus  
  148  9:40  Psionic Storm  
  148  9:42  Zealot x3  
  148  9:44  Zealot  
  162  9:49  Photon Cannon  
  162  9:51  Photon Cannon  
  162  9:53  Photon Cannon  
  162  9:55  Shield Battery  
  162  9:57  Stalker  
  164  10:00  Stalker  
  148  10:20  Zealot  
  148  10:21  Zealot x5  
  132  10:33  Zealot x3  
  136  10:42  Zealot  
  136  10:43  Zealot  
  136  10:45  Colossus  
  132  10:55  Zealot x4  
  140  10:57  Stalker x3  
  150  11:06  High Templar x2  
  148  11:25  Stalker x6  
  154  11:26  Stalker  
  154  11:30  Pylon  
  154  11:31  Probe, Pylon  
  154  11:32  Probe  
  164  11:41  Warp Prism  
  157  11:55  Zealot x2  
  157  11:56  Zealot x3  
  167  12:01  High Templar x3  
  167  12:03  Zealot  
  175  12:19  Nexus  
  173  12:33  Stalker x4  
  165  12:53  Zealot x2  
  139  13:28  Stalker x4  
  147  13:43  High Templar x2  
  147  13:44  High Templar x2  
  147  13:45  High Templar  
  157  13:52  Archon  
  157  13:53  Archon, High Templar  
  157  13:54  Zealot  
  157  13:55  Zealot x2  
  165  13:58  Archon  
  165  14:14  Zealot x3  
  169  14:21  Archon  
  135  14:27  Zealot x5  
  135  14:28  Zealot  
  111  14:32  Zealot  
  111  14:33  Zealot  
Tags
 
Add a new tag
Caveats
  • Supply blocks, unpowered buildings, or Contaminate may cause inaccurate times.
  • Supply counts are checked every 10 seconds.